[ AOE2 MATCH · #474639156 ]
UnrankedJurchens vs Georgians
Player's team · LOSS
[ REPLAY ANALYSIS · EXTRACTED FROM THE RECORDED GAME ]
Feudal
9:29
Castle
20:05
Imperial
—
| APM avg | 60.5 |
| APM peak | 100 |
| eAPM avg | 27.9 |
| Villagers / military | 72 / 22 |
Focus
⚔️ 53.7% · 🌾 46.3%
Unknown (1911) ×50 · Skirmisher ×8 · Iron Pagoda ×7 · Spearman ×3 · Fire Lancer ×2 · Monk ×1
Feudal
8:50
Castle
20:52
Imperial
36:15
| APM avg | 76.6 |
| APM peak | 109 |
| eAPM avg | 28.6 |
| Villagers / military | 108 / 81 |
Focus
⚔️ 35.2% · 🌾 64.8%
Archer ×50 · Knight ×21 · Mangonel ×6 · Scout Cavalry ×3 · Spearman ×1
Match map
Initial resources + every placement click. Lines = walls · curves = elevation contours. ◆ gold · ⬟ stone · ● berries · ✦ relic · ◌ wall gap
Inputs per minute
— iDabs - - XEVER | CaboBV
Build order — iDabs
First 150 of 238 actions detected
| 0:00 | Queue | Villager (Male) |
| 0:00 | Queue | Villager (Male) |
| 0:00 | Queue | Villager (Male) |
| 0:01 | Build | House |
| 0:03 | Build | House |
| 0:05 | Queue | Villager (Male) |
| 1:10 | Queue | Villager (Male) |
| 1:35 | Queue | Villager (Male) |
| 1:53 | Build | Lumber Camp |
| 2:04 | Queue | Villager (Male) |
| 2:33 | Queue | Villager (Male) |
| 3:03 | Queue | Villager (Male) |
| 3:36 | Queue | Villager (Male) |
| 3:58 | Build | House |
| 4:04 | Queue | Villager (Male) |
| 4:06 | Build | House |
| 4:14 | Queue | Villager (Male) |
| 4:52 | Queue | Villager (Male) |
| 5:17 | Queue | Villager (Male) |
| 5:20 | Build | Mill |
| 5:44 | Queue | Villager (Male) |
| 5:44 | Research | Loom |
| 6:22 | Build | Palisade Wall |
| 6:35 | Build | Palisade Wall |
| 6:45 | Queue | Villager (Male) |
| 7:19 | Research | Feudal Age |
| 7:29 | Build | Palisade Wall |
| 8:07 | Build | Palisade Wall |
| 8:11 | Queue | Villager (Male) |
| 8:20 | Build | Barracks |
| 8:25 | Queue | Villager (Male) |
| 9:00 | Build | Palisade Wall |
| 9:02 | Build | Palisade Wall |
| 9:07 | Build | Palisade Wall |
| 9:10 | Build | Palisade Wall |
| 9:12 | Queue | Villager (Male) |
| 9:16 | Build | House |
| 9:17 | Build | House |
| 9:28 | Build | House |
| 9:29 | Age | Feudal Age |
| 9:30 | Queue | Spearman |
| 9:42 | Build | Palisade Wall |
| 9:43 | Build | Palisade Wall |
| 9:44 | Build | Palisade Wall |
| 9:45 | Build | Palisade Wall |
| 9:48 | Build | Palisade Wall |
| 9:51 | Queue | Villager (Male) |
| 9:55 | Build | Palisade Wall |
| 9:56 | Build | House |
| 9:57 | Queue | Villager (Male) |
| 10:07 | Build | House |
| 10:15 | Build | Palisade Wall |
| 10:16 | Build | Palisade Wall |
| 10:25 | Queue | Villager (Male) |
| 10:28 | Build | Farm |
| 10:29 | Build | Farm |
| 10:30 | Research | Double-Bit Axe |
| 10:39 | Build | Palisade Wall |
| 10:48 | Research | Horse Collar |
| 11:00 | Queue | Villager (Male) |
| 11:01 | Build | Palisade Wall |
| 11:14 | Queue | Spearman |
| 11:16 | Queue | Villager (Male) |
| 11:49 | Queue | Villager (Male) |
| 11:55 | Build | Palisade Wall |
| 12:01 | Queue | Spearman |
| 12:02 | Queue | Villager (Male) |
| 12:03 | Build | Farm |
| 12:05 | Build | Farm |
| 12:11 | Build | House |
| 12:38 | Build | Farm |
| 12:49 | Queue | Villager (Male) |
| 12:55 | Build | House |
| 12:55 | Build | House |
| 12:58 | Queue | Villager (Male) |
| 12:59 | Build | Farm |
| 13:06 | Build | Farm |
| 13:18 | Queue | Villager (Male) |
| 13:53 | Build | Mining Camp |
| 13:54 | Queue | Villager (Male) |
| 14:06 | Build | House |
| 14:16 | Queue | Villager (Male) |
| 14:16 | Queue | Villager (Male) |
| 14:20 | Build | Farm |
| 14:21 | Build | Farm |
| 14:23 | Build | Farm |
| 14:28 | Build | Farm |
| 14:46 | Build | Farm |
| 14:55 | Queue | Villager (Male) |
| 15:24 | Queue | Villager (Male) |
| 15:47 | Build | Archery Range |
| 15:59 | Build | Farm |
| 16:27 | Queue | Skirmisher |
| 16:27 | Queue | Skirmisher |
| 16:39 | Queue | Villager (Male) |
| 16:53 | Build | Blacksmith |
| 17:16 | Queue | Skirmisher |
| 17:25 | Research | Castle Age |
| 17:29 | Queue | Skirmisher |
| 17:36 | Queue | Skirmisher |
| 17:39 | Build | Watch Tower |
| 17:45 | Build | House |
| 17:48 | Build | Palisade Wall |
| 18:23 | Queue | Skirmisher |
| 18:27 | Build | Market |
| 18:32 | Research | Padded Archer Armor |
| 18:54 | Build | Archery Range |
| 19:11 | Research | Fletching |
| 19:23 | Queue | Villager (Male) |
| 19:23 | Queue | Villager (Male) |
| 19:38 | Queue | Skirmisher |
| 19:38 | Queue | Skirmisher |
| 19:43 | Build | Farm |
| 19:58 | Queue | Villager (Male) |
| 20:05 | Age | Castle Age |
| 20:07 | Build | House |
| 20:22 | Queue | Unit 1911 |
| 20:22 | Queue | Unit 1911 |
| 20:25 | Queue | Villager (Male) |
| 20:29 | Build | Siege Workshop |
| 20:34 | Queue | Villager (Male) |
| 20:40 | Queue | Villager (Male) |
| 20:42 | Research | Gold Mining |
| 20:42 | Research | Gold Mining |
| 21:02 | Queue | Fire Lancer |
| 21:02 | Queue | Fire Lancer |
| 21:22 | Queue | Unit 1911 |
| 21:23 | Queue | Unit 1911 |
| 21:23 | Queue | Unit 1911 |
| 21:26 | Build | Monastery |
| 21:29 | Queue | Villager (Male) |
| 21:37 | Queue | Villager (Male) |
| 21:41 | Build | House |
| 21:42 | Build | Palisade Wall |
| 21:45 | Build | Lumber Camp |
| 22:14 | Build | House |
| 22:27 | Queue | Unit 1911 |
| 22:27 | Queue | Unit 1911 |
| 22:28 | Queue | Unit 1911 |
| 22:28 | Queue | Unit 1911 |
| 22:59 | Queue | Unit 1911 |
| 23:14 | Queue | Unit 1911 |
| 23:29 | Queue | Unit 1911 |
| 23:30 | Queue | Unit 1911 |
| 23:30 | Queue | Villager (Male) |
| 23:30 | Queue | Villager (Male) |
| 23:33 | Queue | Unit 1911 |
| 23:35 | Queue | Villager (Male) |
| 23:37 | Build | Archery Range |
| 23:40 | Build | Lumber Camp |
Build order — XEVER | CaboBV
First 150 of 347 actions detected
| 0:00 | Queue | Villager (Male) |
| 0:00 | Queue | Villager (Male) |
| 0:00 | Queue | Villager (Male) |
| 0:01 | Queue | Villager (Male) |
| 0:01 | Queue | Villager (Male) |
| 0:02 | Build | House |
| 0:02 | Build | House |
| 1:23 | Queue | Villager (Male) |
| 1:54 | Queue | Villager (Male) |
| 2:28 | Queue | Villager (Male) |
| 2:46 | Build | Mule Cart |
| 2:48 | Queue | Villager (Male) |
| 3:11 | Queue | Villager (Male) |
| 3:32 | Queue | Villager (Male) |
| 3:39 | Queue | Villager (Male) |
| 3:48 | Build | House |
| 3:49 | Build | House |
| 4:04 | Queue | Villager (Male) |
| 4:06 | Queue | Villager (Male) |
| 4:31 | Queue | Villager (Male) |
| 4:47 | Build | Mill |
| 5:12 | Queue | Villager (Male) |
| 6:07 | Research | Loom |
| 6:28 | Research | Feudal Age |
| 7:00 | Build | House |
| 7:48 | Build | Barracks |
| 7:52 | Queue | Villager (Male) |
| 8:50 | Age | Feudal Age |
| 8:52 | Build | Stable |
| 8:57 | Queue | Villager (Male) |
| 9:09 | Queue | Spearman |
| 9:13 | Queue | Villager (Male) |
| 9:22 | Research | Double-Bit Axe |
| 9:34 | Queue | Scout Cavalry |
| 9:35 | Build | House |
| 9:39 | Queue | Scout Cavalry |
| 9:45 | Queue | Scout Cavalry |
| 9:58 | Research | Horse Collar |
| 10:01 | Build | Farm |
| 10:11 | Build | Farm |
| 10:17 | Queue | Villager (Male) |
| 10:28 | Queue | Villager (Male) |
| 10:29 | Build | Farm |
| 10:32 | Queue | Villager (Male) |
| 10:41 | Build | Farm |
| 10:51 | Queue | Villager (Male) |
| 11:05 | Queue | Villager (Male) |
| 11:13 | Build | Farm |
| 11:13 | Build | Farm |
| 11:21 | Queue | Villager (Male) |
| 11:46 | Queue | Villager (Male) |
| 11:49 | Build | House |
| 11:57 | Queue | Villager (Male) |
| 12:00 | Build | Archery Range |
| 12:05 | Queue | Villager (Male) |
| 12:08 | Queue | Villager (Male) |
| 12:18 | Build | House |
| 12:23 | Queue | Villager (Male) |
| 12:24 | Build | Farm |
| 12:27 | Build | Palisade Wall |
| 12:38 | Queue | Villager (Male) |
| 12:46 | Queue | Archer |
| 12:49 | Queue | Villager (Male) |
| 12:58 | Queue | Archer |
| 12:59 | Build | House |
| 13:07 | Build | Palisade Wall |
| 13:12 | Queue | Villager (Male) |
| 13:16 | Build | House |
| 13:17 | Build | Palisade Wall |
| 13:39 | Build | House |
| 13:40 | Queue | Archer |
| 13:45 | Queue | Villager (Male) |
| 13:51 | Queue | Villager (Male) |
| 13:54 | Build | House |
| 14:15 | Queue | Villager (Male) |
| 14:24 | Build | Blacksmith |
| 14:38 | Queue | Archer |
| 14:43 | Queue | Villager (Male) |
| 14:56 | Queue | Archer |
| 15:10 | Research | Fletching |
| 15:19 | Queue | Villager (Male) |
| 15:20 | Build | Farm |
| 15:40 | Queue | Archer |
| 15:41 | Queue | Villager (Male) |
| 15:41 | Queue | Villager (Male) |
| 15:43 | Build | House |
| 15:49 | Build | House |
| 15:50 | Queue | Villager (Male) |
| 15:52 | Build | Farm |
| 15:52 | Queue | Villager (Male) |
| 15:55 | Queue | Archer |
| 16:01 | Queue | Villager (Male) |
| 16:03 | Build | House |
| 16:14 | Queue | Archer |
| 16:15 | Build | House |
| 16:20 | Build | House |
| 16:25 | Build | Farm |
| 16:26 | Build | Farm |
| 16:39 | Build | Farm |
| 16:48 | Build | Farm |
| 16:51 | Queue | Archer |
| 17:19 | Queue | Villager (Male) |
| 17:36 | Queue | Archer |
| 18:06 | Research | Castle Age |
| 18:20 | Build | Archery Range |
| 18:23 | Build | Mule Cart |
| 18:26 | Queue | Archer |
| 18:29 | Build | Farm |
| 18:31 | Build | Farm |
| 18:32 | Queue | Archer |
| 18:49 | Research | Padded Archer Armor |
| 18:51 | Research | Gold Mining |
| 18:54 | Queue | Archer |
| 18:54 | Queue | Villager (Male) |
| 18:58 | Queue | Archer |
| 19:10 | Build | House |
| 19:25 | Queue | Archer |
| 19:37 | Queue | Archer |
| 19:46 | Build | Farm |
| 19:47 | Build | Farm |
| 19:55 | Queue | Archer |
| 20:09 | Build | Palisade Wall |
| 20:12 | Build | Palisade Wall |
| 20:13 | Build | Palisade Wall |
| 20:16 | Build | House |
| 20:17 | Build | Palisade Wall |
| 20:24 | Queue | Archer |
| 20:31 | Queue | Archer |
| 20:34 | Build | Palisade Wall |
| 20:43 | Build | Palisade Wall |
| 20:52 | Age | Castle Age |
| 20:54 | Queue | Knight |
| 20:54 | Queue | Knight |
| 20:58 | Research | Bodkin Arrow |
| 21:00 | Queue | Knight |
| 21:03 | Build | Monastery |
| 21:31 | Queue | Villager (Male) |
| 21:32 | Queue | Knight |
| 21:36 | Build | Town Center |
| 22:07 | Research | Crossbowman (upgrade) |
| 22:07 | Research | Crossbowman (upgrade) |
| 22:12 | Queue | Villager (Male) |
| 22:12 | Queue | Villager (Male) |
| 22:21 | Queue | Knight |
| 22:23 | Queue | Villager (Male) |
| 22:33 | Queue | Villager (Male) |
| 22:37 | Queue | Knight |
| 22:55 | Queue | Villager (Male) |
| 22:56 | Build | Farm |
| 22:56 | Build | Farm |
Match timeline
| 6:22 | iDabs · wall_segment Palisade Wall x11 |
| 6:35 | iDabs · wall_segment Palisade Wall x6 |
| 7:29 | iDabs · wall_segment Palisade Wall x19 |
| 7:48 | XEVER | CaboBV · first_building Barracks |
| 8:07 | iDabs · wall_segment Palisade Wall x11 |
| 8:20 | iDabs · first_building Barracks |
| 8:50 | XEVER | CaboBV · age_up feudal |
| 8:52 | XEVER | CaboBV · first_building Stable |
| 9:00 | iDabs · wall_segment Palisade Wall x1 |
| 9:02 | iDabs · wall_segment Palisade Wall x1 |
| 9:07 | iDabs · wall_segment Palisade Wall x1 |
| 9:10 | iDabs · wall_segment Palisade Wall x1 |
| 9:29 | iDabs · age_up feudal |
| 9:42 | iDabs · wall_segment Palisade Wall x1 |
| 9:43 | iDabs · wall_segment Palisade Wall x1 |
| 9:44 | iDabs · wall_segment Palisade Wall x1 |
| 9:45 | iDabs · wall_segment Palisade Wall x1 |
| 9:48 | iDabs · wall_segment Palisade Wall x1 |
| 9:55 | iDabs · wall_segment Palisade Wall x1 |
| 10:15 | iDabs · wall_segment Palisade Wall x1 |
| 10:16 | iDabs · wall_segment Palisade Wall x1 |
| 10:39 | iDabs · wall_segment Palisade Wall x1 |
| 11:01 | iDabs · wall_segment Palisade Wall x6 |
| 11:55 | iDabs · wall_segment Palisade Wall x5 |
| 12:00 | XEVER | CaboBV · first_building Archery Range |
| 12:27 | XEVER | CaboBV · wall_segment Palisade Wall x5 |
| 13:07 | XEVER | CaboBV · wall_segment Palisade Wall x4 |
| 13:17 | XEVER | CaboBV · wall_segment Palisade Wall x4 |
| 15:47 | iDabs · first_building Archery Range |
| 17:48 | iDabs · wall_segment Palisade Wall x1 |
| 19:10 | iDabs · first_market_sell 100 food |
| 20:05 | iDabs · age_up castle |
| 20:09 | XEVER | CaboBV · wall_segment Palisade Wall x1 |
| 20:12 | XEVER | CaboBV · wall_segment Palisade Wall x1 |
| 20:13 | XEVER | CaboBV · wall_segment Palisade Wall x3 |
| 20:17 | XEVER | CaboBV · wall_segment Palisade Wall x3 |
| 20:29 | iDabs · first_building Siege Workshop |
| 20:34 | XEVER | CaboBV · wall_segment Palisade Wall x1 |
| 20:43 | XEVER | CaboBV · wall_segment Palisade Wall x1 |
| 20:52 | XEVER | CaboBV · age_up castle |
| 21:03 | XEVER | CaboBV · first_building Monastery |
| 21:26 | iDabs · first_building Monastery |
| 21:42 | iDabs · wall_segment Palisade Wall x1 |
| 25:35 | iDabs · first_market_buy 100 food |
| 26:59 | XEVER | CaboBV · first_building Siege Workshop |
| 27:45 | XEVER | CaboBV · first_market_buy 100 wood |
| 32:41 | XEVER | CaboBV · first_market_sell 100 food |
| 35:01 | XEVER | CaboBV · first_building Castle |
| 36:15 | XEVER | CaboBV · age_up imperial |
| 37:55 | iDabs · resign |
[ AI ANALYSIS · 1 CREDIT ]
What really happened in this match?
Wolo.gg analyzes every decision: build order, eco, micro, common mistakes by bracket. Personalized analysis on WhatsApp or Discord in 30 seconds.
Civ guide
Jurchens
Perfil
Jugador #4477199